 Dungeon Crawl Stone Soup version 0.25-a0-294-gea9b1ad378 (webtiles) character file.

Game seed: 15789498988279271000, levelgen mode: deterministic

32 MoonlitKnight the Vexing (level 3, -1/28 HPs)
             Began as a Gnoll Arcane Marksman on Dec 18, 2019.
             Slain by a quokka (2 damage)
             ... on level 2 of the Dungeon.
             The game lasted 00:02:40 (926 turns).

MoonlitKnight the Vexing (Gnoll Arcane Marksman)     Turns: 926, Time: 00:02:40

Health: -1/28      AC:  6    Str: 12    XL:     3   Next: 27%
Magic:  7/7        EV: 13    Int: 15    God:
Gold:   53         SH:  0    Dex: 16    Spells: 1/7 levels left

rFire    . . .     SeeInvis .   b - +0 spear
rCold    . . .     Gourm    .   (no shield)
rNeg     . . .     Faith    .   n - +0 ring mail
rPois    .         Spirit   .   p - +0 helmet
rElec    .         Reflect  .   (no cloak)
rCorr    .         Harm     .   (no gloves)
MR       .....                  (no boots)
Stlth    +.........             (no amulet)
HPRegen  0.09/turn              (no ring)
MPRegen  0.10/turn              (no ring)

@: no status effects
A: distributed training, fangs 1, strong nose
a: no special abilities


You were on level 2 of the Dungeon.
You were not hungry.

You visited 1 branch of the dungeon, and saw 2 of its levels.

You collected 53 gold pieces.

Inventory:

Hand Weapons
 a - a +0 hand crossbow
 b - a +0 spear (weapon)
Missiles
 d - 14 bolts
 h - 3 datura-tipped darts (quivered)
Armour
 e - a +0 robe
 n - a +0 ring mail (worn)
 p - a +0 helmet (worn)
Scrolls
 c - a scroll of amnesia {unknown}
 g - a scroll of noise {unknown}
 k - 2 scrolls of identify {unknown}
 l - a scroll of blinking {unknown}
 o - 2 scrolls of immolation {unknown}
 q - a scroll of remove curse {unknown}
Potions
 i - a potion of heal wounds {unknown}
 m - a potion of might {unknown}
Comestibles
 f - a ration
 j - 3 chunks of flesh


   Skills:
 + Level 2.5 Fighting
 + Level 0.6 Short Blades
 + Level 0.6 Long Blades
 + Level 0.6 Axes
 + Level 0.6 Maces & Flails
 + Level 0.6 Polearms
 + Level 0.6 Staves
 + Level 0.6 Slings
 + Level 0.6 Bows
 + Level 4.5 Crossbows
 + Level 0.6 Throwing
 + Level 0.6 Armour
 + Level 4.5 Dodging
 + Level 0.6 Stealth
 + Level 0.6 Shields
 + Level 0.6 Unarmed Combat
 + Level 2.8 Spellcasting
 + Level 0.4 Conjurations
 + Level 5.4 Hexes
 + Level 0.4 Charms
 + Level 0.4 Summonings
 + Level 0.4 Necromancy
 + Level 0.4 Translocations
 + Level 0.4 Transmutations
 + Level 0.4 Fire Magic
 + Level 0.4 Ice Magic
 + Level 0.4 Air Magic
 + Level 0.4 Earth Magic
 + Level 0.4 Poison Magic
 + Level 0.8 Invocations
 + Level 0.6 Evocations


You had one spell level left.
You knew the following spells:

 Your Spells              Type           Power        Failure   Level  Hunger
a - Corona                Hex            ###....      4%          1    #......
b - Slow                  Hex            ###.....     8%          2    ##.....
c - Inner Flame           Hex/Fire       ##......     38%         3    ###....

Your spell library contained the following spells:

 Spells                   Type           Power        Failure   Level  Hunger
 Portal Projectile        Hex/Tloc       ##....       38%         3    ###....
 Cause Fear               Hex            ###.......   45%         4    #####..
 Leda's Liquefaction      Hex/Erth       ##........   80%         4    #####..


Dungeon Overview and Level Annotations

Branches:
Dungeon (2/15)

Altars:


Innate Abilities, Weirdness & Mutations

Your experience applies equally to all skills.
You have very sharp teeth.
Your uncanny sense of smell can sniff out nearby items.


Message History

The quokka bites you. The adder bites you. The hobgoblin closely misses you.
You miss the adder.
The adder is severely wounded.
The quokka bites you but does no damage.
The adder bites you. The hobgoblin barely misses you. The quokka bites you.
You closely miss the adder.
The adder is severely wounded.
The adder bites you but does no damage. The quokka closely misses you.
The hobgoblin hits you.
* * * LOW HITPOINT WARNING * * *
You barely miss the adder.
The adder is severely wounded.
The adder bites you.
* * * LOW HITPOINT WARNING * * *
The quokka misses you. The adder closely misses you. The hobgoblin hits you.
* * * LOW HITPOINT WARNING * * *
You closely miss the adder.
The adder is severely wounded.
The quokka bites you.
You die...

...... ......
..... .... # #..
####.###.#
......g#r# ∆ #S@.#
###. #.#.#
####.....
#.#.####........ .
..#....)........
...####>#####.##..
........####..#
........<.......
##..#########....
.#


You could see an adder, a quokka and a hobgoblin.

Vanquished Creatures
  7 bats (D:1)
  2 giant cockroaches (D:1)
  7 goblins (D:1)
  6 hobgoblins
  A ball python (D:1)
  A frilled lizard (D:1)
  A kobold (D:1)
  5 rats
30 creatures vanquished.

Notes
Turn   | Place    | Note
-------+----------+-------------------------------------------
     0 | D:1      | MoonlitKnight the Gnoll Arcane Marksman began the quest for
                  | the Orb.
     0 | D:1      | Reached XP level 1. HP: 17/17 MP: 4/4
   147 | D:1      | Reached XP level 2. HP: 23/23 MP: 5/5
   537 | D:1      | Reached XP level 3. HP: 26/28 MP: 7/7
   560 | D:1      | Learned a level 2 spell: Slow
   564 | D:1      | Learned a level 3 spell: Inner Flame
   925 | D:2      | HP: 1/28 [hobgoblin (3)]
   926 | D:2      | Slain by a quokka

Levels and vault maps discovered:
D:1:      dpeg_arrival_tiny_c, layout_loops_ring
D:2:      layout_rooms, nicolae_qazlal_eye_of_the_storm, old_standard_altar,
          uniq_sigmund

Action                   || total
-------------------------++-------
Melee: Spear             ||    54
       Bite              ||     8
 Fire: Hand crossbow     ||    45
Armor: Robe              ||     2
       Ring mail         ||    25
Dodge: Dodged            ||    42

Table legend:
 A = Non-vault XP
 B = Vault XP
 C = Vault XP percentage of total XP
 D = Non-vault monster count
 E = Vault monster count
 F = Vault count percentage of total count
                 A         B        C        D         E       F
            +---------+---------+-------+---------+---------+-------
      Total |      47 |       0 |   0.0 |      30 |       0 |   0.0
            +---------+---------+-------+---------+---------+-------
        D:1 |      44 |       0 |   0.0 |      28 |       0 |   0.0
        D:2 |       3 |       0 |   0.0 |       2 |       0 |   0.0
            +---------+---------+-------+---------+---------+-------
